 Dungeon Crawl Stone Soup version 0.24.0-123-gd5b16e6ec5 (webtiles) character file.

Game seed: 10212572603764587550, levelgen mode: deterministic

74 FishyPogo the Firebug (level 4, -3/36 HPs)
             Began as a Draconian Fire Elementalist on Dec 21, 2019.
             Was a Follower of Jiyva.
             Slain by Grinder (5 damage)
             ... while paralysed by Grinder
             ... on level 3 of the Dungeon.
             The game lasted 00:10:45 (1790 turns).

FishyPogo the Firebug (Draconian Fire Elementalist) Turns: 1790, Time: 00:10:46

Health: -3/36      AC:  8    Str: 10    XL:     4   Next: 9%
Magic:  0/7        EV:  2    Int: 18    God:    Jiyva [*.....]
Gold:   74         SH:  0    Dex: 13    Spells: 4/7 levels left

rFire    . . .     SeeInvis .   e - +0 dagger
rCold    . . .     Gourm    .   (no shield)
rNeg     . . .     Faith    .   (armour unavailable)
rPois    .         Spirit   .   (helmet restricted)
rElec    .         Reflect  .   c - +0 cloak
rCorr    .         Harm     .   (no gloves)
MR       .....                  j - +1 pair of boots
Stlth    ++........             (no amulet)
HPRegen  0.12/turn              l - +3 ring of intelligence
MPRegen  0.10/turn              o - ring of wizardry

@: paralysed
A: unfitting armour, cold-blooded, AC +5
a: Request Jelly, Renounce Religion


You were on level 3 of the Dungeon.
You worshipped Jiyva.
Jiyva was aware of your devotion.
You were not hungry.

You visited 1 branch of the dungeon, and saw 3 of its levels.

You collected 74 gold pieces.

Inventory:

Hand Weapons
 e - a +0 dagger (weapon)
Missiles
 d - 87 stones (quivered)
Armour
 c - a +0 cloak (worn)
 j - a +1 pair of boots (worn)
Jewellery
 l - a +3 ring of intelligence (left hand)
 o - a ring of wizardry (right hand)
Scrolls
 a - 2 scrolls of immolation {unknown}
 f - a scroll of remove curse {unknown}
 h - a scroll of identify {unknown}
Potions
 k - 2 potions of flight {unknown}
 m - a potion of haste {unknown}
 n - a potion of heal wounds {unknown}
Comestibles
 b - 5 rations
 g - 6 chunks of flesh


   Skills:
 * Level 2.2 Fighting
 - Level 2.0 Dodging
 - Level 2.0 Stealth
 + Level 2.4 Spellcasting
 + Level 1.6 Conjurations
 + Level 3.4 Fire Magic


You had 4 spell levels left.
You knew the following spells:

 Your Spells              Type           Power        Failure   Level  Hunger
a - Flame Tongue          Conj/Fire      ##...        2%          1    #......
b - Throw Flame           Conj/Fire      ##....       3%          2    ##.....

Your spell library contained the following spells:

 Spells                   Type           Power        Failure   Level  Hunger
 Conjure Flame            Conj/Fire      ##......     8%          3    ###....
 Inner Flame              Hex/Fire       #.......     11%         3    ###....
 Sticky Flame             Conj/Fire      ##......     24%         4    #####..
 Fireball                 Conj/Fire      ##........   52%         5    ######.


Dungeon Overview and Level Annotations

Branches:
Dungeon (3/15)

Altars:
Jiyva

Annotations:
D:3 Grinder


Innate Abilities, Weirdness & Mutations

Your plain brown scales are hard. (AC +5)
You cannot fit into any form of body armour.
You are cold-blooded and may be slowed by cold attacks.


Message History

Grinder is almost dead.
Grinder barely misses you.
Casting: Flame Tongue (safe; 2% risk of failure)
Confirm with . or Enter, or press ? or * to list all spells.
Aiming: Flame Tongue (safe; 2% risk of failure)
Press: ? - help, Shift-Dir - straight line, f/p - Grinder
Aim: Grinder (almost dead)
The flame tongue hits Grinder but does no damage.
Grinder is almost dead.
Grinder gestures at you.
You suddenly lose the ability to move!
Grinder gestures at you.
You shrug off the repeated paralysis!
Grinder gestures at you. Pain shoots through your body!
Grinder gestures at you. Pain shoots through your body!
* * * LOW HITPOINT WARNING * * *
Grinder hits you.
You die...

#..........#
#.#.....####.#
#.#........#
#)#......#.#
#.#.##.#.#.#
#.#.##.#.#.#
#.#.##.#.#.#
#.####.#.##.#.#.#
#......@.##.#.#..
.......5.##.#.###
.........##.#.#
.......(..
..####.#### . #.
##


You could see Grinder.

Vanquished Creatures
  2 adders
  2 oozes (D:1)
  2 worms (D:2)
  A dart slug (D:3)
  4 giant cockroaches
  3 goblins (D:1)
  10 hobgoblins
  4 bats
  7 kobolds
  6 rats
41 creatures vanquished.

Vanquished Creatures (others)
  An ooze (D:3)
  2 bats (D:3)
3 creatures vanquished.

Grand Total: 44 creatures vanquished

Notes
Turn   | Place    | Note
-------+----------+-------------------------------------------
     0 | D:1      | FishyPogo the Draconian Fire Elementalist began the quest
                  | for the Orb.
     0 | D:1      | Reached XP level 1. HP: 14/14 MP: 3/3
   422 | D:1      | Reached XP level 2. HP: 22/22 MP: 3/5
   523 | D:1      | Learned a level 2 spell: Throw Flame
   575 | D:1      | Reached skill level 1 in Fighting
   881 | D:2      | Reached XP level 3. HP: 28/28 MP: 0/6
  1153 | D:2      | Found a faded altar of an unknown god.
  1161 | D:2      | Became a worshipper of Jiyva Jyin the Shapeless
  1161 | D:2      | Reached * piety under Jiyva
  1714 | D:3      | Reached XP level 4. HP: 34/36 MP: 3/7
  1755 | D:3      | Noticed Grinder
  1774 | D:3      | Paralysed by Grinder for 6 turns
  1786 | D:3      | Paralysed by Grinder for 6 turns
  1790 | D:3      | Slain by Grinder

Levels and vault maps discovered:
D:1:      ncdulo_watergridlock, layout_rooms, solitary_fountain, feat_on_display
D:2:      layout_loops_cross, chequers_ecumenical_altar_simple_redux,
          first_ration, minmay_tromino_i2
D:3:      layout_basic, marbit_many_paths, minmay_misc_feat_encased,
          nicolae_ru_awakened_eye, uniq_grinder

Skill      XL: |  1  2  3 |
---------------+----------+-----
Stealth        | 2 |  2.0
Fighting       | 1 2 |  2.2
Dodging        | 2 |  2.0
Spellcasting   | |  2.4
Conjurations   | |  1.6
Fire Magic     | |  3.4

Action                   |  1- 3 |  4- 6 || total
-------------------------+-------+-------++-------
Melee: Unarmed           |    20 |       ||    20
       Dagger            |   104 |    24 ||   128
       Tailslap          |    15 |     3 ||    18
Throw: Stone             |     2 |       ||     2
       Dart              |     1 |     2 ||     3
 Cast: Flame Tongue      |    41 |     7 ||    48
       Throw Flame       |     8 |     2 ||    10
  Use: Scroll            |     1 |       ||     1
  Eat: Chunk             |     4 |       ||     4
Armor: Skin              |    50 |     4 ||    54
Dodge: Dodged            |    90 |    13 ||   103
